 Dungeon Crawl Stone Soup version 0.27-a0-101-g3cb999cee2 (webtiles) character file.

Game seed: 11524646643310155823

6964 kae the Grappler (level 10, -3/90 HPs)
             Began as a Troll Monk on Jan 21, 2021.
             Was an Elder of Hepliaklqana.
             Slain by a freezing wraith (9 damage)
             ... on level 10 of the Dungeon.
             The game lasted 00:08:07 (7437 turns).

kae the Grappler (Troll Monk)                       Turns: 7437, Time: 00:08:08

Health: -3/90      AC:  9    Str: 24    XL:     10   Next: 81%
Magic:  13/13      EV: 17    Int:  6    God:    Hepliaklqana [****..]
Gold:   433        SH:  5    Dex: 12    Spells: 9/9 levels left

rFire    . . .     SeeInvis .     - Unarmed
rCold    . . .     Faith    .   (no shield)
rNeg     . . .     Spirit   .   F - +2 robe
rPois    .         Reflect  +   (helmet restricted)
rElec    .         Harm     .   l - +0 cloak
rCorr    +         Rampage  .   (gloves unavailable)
Will     .....                  (boots unavailable)
Stlth    ++........             z - amulet of reflection
HPRegen  0.65/turn              e - ring of resist corrosion
MPRegen  0.13/turn              n - +4 ring of evasion

@: slowed, very slow
A: large, unfitting armour, reduced essence, claws 3, regeneration 1, shaggy fur
1, tough skin 3
a: Renounce Religion, Recall Ancestor, Ancestor Identity, Transference, Idealise


You were on level 10 of the Dungeon.
You worshipped Hepliaklqana.
Hepliaklqana was greatly pleased with you.
You visited 2 branches of the dungeon, and saw 11 of its levels.

You collected 433 gold pieces.

Inventory:

Armour
 l - a +0 cloak (worn)
 F - a +2 robe (worn)
Jewellery
 c - a +6 ring of intelligence
 e - a ring of resist corrosion (left claw)
 g - an uncursed ring of ice
 k - an uncursed ring of wizardry
 n - a +4 ring of evasion (right claw)
 z - an amulet of reflection (around neck)
 B - an uncursed ring of fire
Wands
 a - a wand of paralysis (10)
 x - a wand of polymorph (9)
Scrolls
 d - 3 scrolls of amnesia
 f - 5 scrolls of enchant armour
 q - 4 scrolls of remove curse
 s - 4 scrolls of teleportation
 v - 2 scrolls of blinking
 y - a scroll of enchant weapon
 A - a scroll of fear
 C - 4 scrolls of identify
 E - a scroll of fog
Potions
 b - 2 potions of haste
 h - a potion of mutation
 i - 2 potions of ambrosia
 j - 2 potions of flight
 m - a potion of heal wounds
 o - 8 potions of curing
 p - 2 potions of brilliance
 r - a potion of magic
 t - a potion of lignification
 u - a potion of might
 w - 2 potions of berserk rage


   Skills:
 + Level 6.8 Fighting
 + Level 6.8 Dodging
 - Level 1.0 Stealth
 * Level 11.1 Unarmed Combat
 + Level 6.3 Invocations


You had 9 spell levels left.
You didn't know any spells.
Your spell library contained the following spells:

 Spells                   Type           Power        Failure   Level
 Foxfire                  Conj/Fire      0%           45%         1
 Poisonous Vapours        Pois/Air       0%           58%         2
 Confusing Touch          Hex            0%           83%         3
 Conjure Flame            Conj/Fire      0%           83%         3
 Gell's Gravitas          Tloc           0%           83%         3
 Inner Flame              Hex/Fire       0%           83%         3
 Mephitic Cloud           Conj/Pois/Air  0%           83%         3
 Petrify                  Tmut/Erth      0%           99%         4
 Sticky Flame             Conj/Fire      0%           99%         4
 Fireball                 Conj/Fire      0%           100%        5
 Metabolic Englaciation   Hex/Ice        0%           100%        5
 Yara's Violent Unravell  Hex/Tmut       0%           100%        5
 Freezing Cloud           Conj/Ice/Air   0%           100%        6


Dungeon Overview and Level Annotations

Branches:
Dungeon (10/15)            Temple (1/1) D:4            Lair (0/6) D:8
    Orc: D:9-12

Altars:
Ashenzari
Cheibriados
Dithmenos
Elyvilon
Fedhas
Gozag
Hepliaklqana
Kikubaaqudgha
Makhleb
Nemelex Xobeh
Okawaru
Qazlal
Ru
Sif Muna
Trog
Uskayaw
Vehumet
Wu Jian
Xom
Yredelemnul
Zin
The Shining One

Shops:
D:6 [

Annotations:
D:5 2 runed translucent doors, qborf's ghost, novice DECj
D:7 2 runed translucent doors, lagdotcom's ghost, novice DrAE
D:10 1 runed translucent door, bmj180's ghost, novice MfIE


Innate Abilities, Weirdness & Mutations

You are too large for most types of armour.
You have claws for hands.
Your natural rate of healing is unusually fast.
You are covered in fur. (AC +1)
You have extremely tough skin. (AC +3)
Your life essence is reduced to manifest your ancestor. (-10% HP)


Message History

The freezing wraith easily resists.
You scratch the freezing wraith but do no damage.
The freezing wraith is almost destroyed.
Arsinoe hits the freezing wraith but does no damage.
The freezing wraith hits Arsinoe.
The freezing wraith freezes Arsinoe.
Arsinoe resists.
The freezing wraith hits Arsinoe!
The freezing wraith drains Arsinoe's vigour!
Arsinoe seems to slow down.
You completely miss the freezing wraith.
The freezing wraith is almost destroyed.
Arsinoe hits the freezing wraith but does no damage.
You closely miss the freezing wraith.
The freezing wraith is almost destroyed.
The freezing wraith hits you!
* * * LOW HITPOINT WARNING * * *
The freezing wraith freezes you!
* * * LOW HITPOINT WARNING * * *
The freezing wraith hits you!
You die...

#.##............
#.##.#########'#
..###....#######...#
................'....
..[..#.........##....
.....#.........'.....
.... #.........##..†.
.#####.........##....
#W@..........##....
#....R..........##....
#........######...'....
##....."..# ####....
#.........# #....
..........# ####...
..........# #......
########### #......
#......


You could see the friendly Arsinoe the hexer (slow) and a freezing wraith
(slow).

Vanquished Creatures
  A two-headed ogre (D:9)
  Pikel (D:8)
  8 yaks (D:9)
  A vampire (D:10)
  A sky beast (D:10)
  2 phantoms
  An orc warrior (D:9)
  2 ice beasts (D:8)
  A black bear (D:6)
  4 ogres
  A centaur (D:5)
  4 lemures (D:8)
  2 big kobolds
  2 bullfrogs
  A water moccasin skeleton (D:5)
  3 scorpions
  3 wights (D:10)
  8 killer bees
  3 howler monkeys
  A bullfrog zombie (D:8)
  A quasit (D:9)
  4 hounds
  A gnoll shaman (D:6)
  2 orc priests (D:10)
  2 jellies
  A bullfrog skeleton (D:10)
  3 iguanas
  6 orc wizards
  4 worker ants
  A hound zombie (D:8)
  A hound skeleton (D:8)
  4 gnolls (D:6)
  16 adders
  2 shadow imps
  2 white imps
  4 ufetubi
  An ooze (D:3)
  An adder skeleton (D:4)
  An adder zombie (D:9)
  4 worms
  2 dart slugs
  11 leopard geckos
  27 orcs
  5 bats
  4 giant cockroaches
  3 goblins
  4 hobgoblins
  10 jackals
  8 kobolds
  7 quokkas
  5 frilled lizards
  A giant cockroach zombie (D:6)
  A jackal zombie (D:7)
  A leopard gecko skeleton (D:4)
  A quokka skeleton (D:5)
  4 rats
205 creatures vanquished.

Vanquished Creatures (collateral kills)
  A centaur warrior (D:9)
  Psyche (D:8)
  A sky beast (D:5)
  A bullfrog (D:5)
  A scorpion (D:10)
  2 killer bees
  A bullfrog zombie (D:5)
  A hound (D:9)
  A worker ant zombie (D:7)
  A gnoll (D:6)
  A white imp (D:5)
  2 adder skeletons
  A leopard gecko (D:5)
  An orc (D:5)
16 creatures vanquished.

Vanquished Creatures (others)
  17 plants
17 creatures vanquished.

Grand Total: 238 creatures vanquished

Notes
Turn   | Place    | Note
-------+----------+-------------------------------------------
     0 | D:1      | kae the Troll Monk began the quest for the Orb.
     0 | D:1      | Reached XP level 1. HP: 22/22 MP: 0/0
    99 | D:1      | Reached XP level 2. HP: 23/29 MP: 1/1
   530 | D:2      | Reached XP level 3. HP: 34/36 MP: 2/2
   665 | D:2      | Reached skill level 4 in Unarmed Combat
   678 | D:2      | Reached XP level 4. HP: 36/44 MP: 3/3
  1333 | D:3      | Reached XP level 5. HP: 33/53 MP: 4/4
  1811 | D:3      | Found a glowing golden altar of the Shining One.
  2096 | D:4      | Found a staircase to the Ecumenical Temple.
  2145 | Temple   | Entered the Ecumenical Temple
  2322 | Temple   | Became a worshipper of Hepliaklqana the Forgotten
  2322 | Temple   | Reached * piety under Hepliaklqana
  2322 | Temple   | Reached ** piety under Hepliaklqana
  2344 | D:4      | Remembered your ancestor Arsinoe as a hexer
  2521 | D:4      | Reached skill level 5 in Unarmed Combat
  2900 | D:4      | Found a sacrificial altar of Ru.
  2942 | D:5      | Entered Level 5 of the Dungeon
  2942 | D:5      | Found a runed translucent door.
  3166 | D:5      | Reached XP level 6. HP: 54/54 MP: 5/5
  3192 | D:5      | Found a runed translucent door.
  3192 | D:5      | Noticed qborf's ghost (novice DECj)
  3202 | D:5      | Reached skill level 1 in Invocations
  3279 | D:5      | Reached XP level 7. HP: 61/61 MP: 7/7
  3293 | D:5      | Reached skill level 6 in Unarmed Combat
  3670 | D:5      | Reached XP level 8. HP: 48/70 MP: 8/8
  3736 | D:5      | Reached *** piety under Hepliaklqana
  3857 | D:6      | Reached skill level 7 in Unarmed Combat
  4342 | D:6      | Found Ireyn's Antique Armour Emporium.
  4775 | D:7      | Found a large runed translucent door.
  4775 | D:7      | Found a large runed translucent door.
  4784 | D:7      | Noticed lagdotcom's ghost (novice DrAE)
  5581 | D:8      | Reached skill level 8 in Unarmed Combat
  5615 | D:8      | Reached skill level 5 in Dodging
  5618 | D:8      | Reached skill level 5 in Fighting
  5638 | D:8      | Noticed Psyche
  5649 | D:8      | Killed Psyche
  5650 | D:8      | Reached XP level 9. HP: 73/79 MP: 9/11
  5764 | D:8      | Reached **** piety under Hepliaklqana
  5822 | D:8      | Noticed Pikel
  5845 | D:8      | Killed Pikel
  5846 | D:8      | Reached skill level 9 in Unarmed Combat
  6169 | D:8      | Found a staircase to the Lair.
  6331 | D:9      | Noticed a two-headed ogre
  6339 | D:9      | Killed a two-headed ogre
  6340 | D:9      | Reached skill level 5 in Invocations
  6439 | D:9      | Reached XP level 10. HP: 88/88 MP: 12/12
  6542 | D:9      | Noticed a centaur warrior
  6551 | D:9      | Killed a centaur warrior
  6552 | D:9      | Reached skill level 10 in Unarmed Combat
  7034 | D:10     | Entered Level 10 of the Dungeon
  7034 | D:10     | Found a runed translucent door.
  7034 | D:10     | Noticed bmj180's ghost (novice MfIE)
  7200 | D:10     | Reached skill level 11 in Unarmed Combat
  7437 | D:10     | Slain by a freezing wraith

Illustrated notes

Levels and vault maps discovered:
D:1:      minmay_arrival_arboretum_large, layout_loops_ring, dk_noncrumbling_4
D:2:      cheibrodos_old_hovel, layout_rooms, st_stairs_10,
          kennysheep_generic_room_13
D:3:      layout_loops_ring, serial_bayou, serial_bayou_crossing,
          serial_bayou_lake_a, serial_bayou_shore_a, serial_bayou_pond_a,
          serial_bayou_pond_e, serial_bayou_pond_a,
          nicolae_tso_swordbearing_angel
D:4:      layout_basic, nicolae_ru_the_path_less_chosen,
          minmay_temple_entry_slanted
D:5:      layout_rooms, ebering_ghost_sewer_f
D:6:      minmay_recursive_quarters, layout_cave_pools, serial_shops,
          nicolae_shop_waterfront
D:7:      layout_basic, serial_glass, glass_columns_a, glass_columns_a,
          ebering_ghost_disaster_area
D:8:      layout_loops_ring, lair_entry_dummy, minivault_25, uniq_psyche,
          uniq_pikel
D:9:      layout_rooms
D:10:     layout_basic, ebering_ghost_inner_flame,
          minmay_mirror_moons_of_madness
Temple:   minmay_crystal_snake_temple

Skill      XL: |  1  2  3  4  5  6  7  8  9 10 |
---------------+-------------------------------+-----
Unarmed Combat | 4 5 6 8 9 11 | 11.1
Dodging        | 3 4 5 6 |  6.8
Fighting       | 3 4 5 6 |  6.8
Invocations    | 1 2 4 5 6 |  6.3
Stealth        | |  1.0

Action                   |  1- 3 |  4- 6 |  7- 9 | 10-12 || total
-------------------------+-------+-------+-------+-------++-------
Melee: Unarmed           |    86 |   165 |   256 |   174 ||   681
       Punch             |     1 |     3 |     6 |    13 ||    23
Invok: Ancestor Life: He |       |     1 |       |       ||     1
  Use: Scroll            |     5 |    11 |    10 |     1 ||    27
       Potion            |       |       |       |     3 ||     3
 Stab: Sleeping          |     4 |     3 |     4 |       ||    11
       Distracted        |       |       |     5 |     3 ||     8
       Confused          |       |       |     1 |       ||     1
Armor: Robe              |    38 |    42 |    40 |    41 ||   161
Dodge: Dodged            |    39 |    88 |   166 |   104 ||   397
Block: Other             |       |       |    24 |    22 ||    46
       Reflection        |       |       |     1 |     5 ||     6

Table legend: (Time is in decaauts)
 A = Elapsed time spent in this place.
 B = Non-inter-level travel time spent in this place.
 C = Inter-level travel time spent in this place.
 D = Time resting spent in this place.
 E = Time spent auto-exploring this place.
 F = Levels seen in this place.
 G = Mean time per level.
                   A        B        C        D        E       F      G
               +--------+--------+--------+--------+--------+-----+--------+
         Total |   7401 |   6973 |    428 |    485 |   5189 |  11 |  672.8 |
       Dungeon |   7203 |   6805 |    398 |    485 |   5023 |  10 |  720.3 |
        Temple |    197 |    168 |     29 |      0 |    166 |   1 |  197.0 |
               +--------+--------+--------+--------+--------+-----+--------+

Top non-repeatable levels by time:
     D:3: 1057 daAuts
     D:7: 885 daAuts
     D:8: 832 daAuts
     D:6: 750 daAuts
     D:4: 707 daAuts
     D:5: 706 daAuts
     D:9: 700 daAuts
     D:2: 588 daAuts
     D:1: 584 daAuts
    D:10: 388 daAuts
  Temple: 197 daAuts
